 Dungeon Crawl Stone Soup version 0.17.1-1-g73c8601 (webtiles) character file.

76138 Glider the Carver (level 15, -8/89 HPs)
             Began as a Gargoyle Fighter on Jan 2, 2016.
             Was the Champion of Ashenzari.
             Killed by divine providence
             ... invoked by an orc high priest
              (15 damage)
             ... on level 4 of the Orcish Mines.
             The game lasted 02:20:20 (26119 turns).

Glider the Carver (Gargoyle Fighter)               Turns: 26119, Time: 02:20:21

Health: -8/89      AC: 49    Str: 23      XL:     15   Next: 52%
Magic:  22/22      EV: 10    Int:  9 (13) God:    Ashenzari [******]
Gold:   2829       SH:  6    Dex: 17      Spells: 0 memorised, 14 levels left

rFire  + . .     SeeInvis +     E - +8 long sword of Heitet {freeze, *Contam +Rage rC+ Str+2} (curse)
rCold  + + .     Clarity  +     B - +4 gold dragon armour of the Mutiny {rPois rF+ rC+ Dex+7 Slay+2} (curse)
rNeg   + . .     SustAt   .     X - +0 buckler (curse)
rPois  ∞         Gourm    .     r - +1 hat {SInv} (curse)
rElec  +         Spirit   .     J - +2 cloak (curse)
rCorr  +         Warding  .     R - +0 pair of gloves (curse)
rMut   .         Stasis   .     W - +1 pair of boots (curse)
MR     +....                    F - amulet of resist corrosion (curse)
Stlth  ..........               y - +3 ring of protection (curse)
                                q - +4 ring of slaying (curse)

@: flying, very slightly contaminated, invisible, somewhat resistant to hostile
enchantments, extremely unstealthy
A: big wings, hooves 1, negative energy resistance 1, electricity resistance,
unbreathing, petrification resistance, rot immunity, AC +11
a: Stop Flying, Scrying, Transfer Knowledge, Renounce Religion, Evoke Berserk
Rage


You were on level 4 of the Orcish Mines.
You worshipped Ashenzari.
Ashenzari was exalted by your worship.
You were not hungry.

You visited 4 branches of the dungeon, and saw 27 of its levels.
You also visited: Bailey and Volcano.

You collected 2829 gold pieces.

Inventory:

Hand Weapons
 E - the cursed +8 long sword of Heitet (weapon) {freeze, *Contam +Rage rC+ Str+2}
   (You found it on level 6 of the Dungeon)

   It has been specially enchanted to freeze those struck by it, causing extra
   injury to most foes and up to half again as much damage against particularly
   susceptible opponents.
   It can also slow down cold-blooded creatures.
   It affects your strength (+2).
   It protects you from cold.
   It lets you go berserk.
   It causes magical contamination when unequipped.
   It has a curse placed upon it.
Armour
 r - a cursed +1 hat of see invisible (worn)
 B - the cursed +4 gold dragon armour of the Mutiny (worn) {rPois rF+ rC+ Dex+7 Slay+2}
   (You acquired it on level 4 of the Lair of Beasts)

   It affects your dexterity (+7).
   It affects your accuracy and damage with ranged weapons and melee attacks
   (+2).
   It protects you from fire.
   It protects you from cold.
   It protects you from poison.
   It has a curse placed upon it.
 J - a cursed +2 cloak (worn)
 R - a cursed +0 pair of gloves (worn)
 W - a cursed +1 pair of boots (worn)
 X - a cursed +0 buckler (worn)
Jewellery
 l - a cursed ring of protection from fire
 q - a cursed +4 ring of slaying (left hand)
 y - a cursed +3 ring of protection (right hand)
 F - a cursed amulet of resist corrosion (around neck)
 Y - a cursed ring of teleportation
Wands
 t - a wand of paralysis (6)
 I - a wand of lightning (3)
 M - a wand of digging (14)
 P - a wand of teleportation (2)
 S - a wand of fire (7)
 Z - a wand of invisibility (0)
Scrolls
 b - 4 scrolls of curse jewellery
 c - a scroll of curse weapon
 e - a scroll of summoning
 h - a scroll of identify
 i - 6 scrolls of remove curse
 j - 5 scrolls of magic mapping
 k - 4 scrolls of immolation
 m - 5 scrolls of teleportation
 o - 3 scrolls of fear
 A - 2 scrolls of fog
 H - 3 scrolls of blinking
 K - 2 scrolls of recharging
 O - 2 scrolls of enchant armour
 U - a scroll of torment
 V - 3 scrolls of silence
Potions
 a - a potion of magic
 d - 2 potions of might
 n - 2 potions of brilliance
 s - 4 potions of curing
 v - a potion of cancellation
 z - a potion of cure mutation
 G - a potion of invisibility
 N - 4 potions of agility
 Q - 3 potions of berserk rage
 T - 3 potions of haste
Miscellaneous
 p - a plain deck of defence {the Tomb}
 L - a phial of floods (inert)
Comestibles
 x - 34 fruits


   Skills:
 * Level 8.9 Fighting
 - Level 14.0(18.0) Long Blades
   Level 9.6 Maces & Flails
 - Level 13.1(18.5) Armour
 - Level 7.7 Dodging
 - Level 5.6(8.7) Shields
 - Level 10.3(14.6) Evocations


You had 14 spell levels left.
You didn't know any spells.

Dungeon Overview and Level Annotations

Branches:
Dungeon (14/15)            Temple (1/1) D:4            Lair (8/8) D:11
 Shoals (0/4) Lair:5        Snake (0/4) Lair:3        Slime (0/6) Lair:7
    Orc (4/4) D:12            Elf (0/3) Orc:3        Vaults (0/5) D:14

Altars:
Ashenzari
Cheibriados
Dithmenos
Elyvilon
Fedhas
Gozag
Kikubaaqudgha
Makhleb
Nemelex Xobeh
Okawaru
Qazlal
Ru
Sif Muna
Trog
Vehumet
Xom
Yredelemnul
Zin
The Shining One

Shops:
D:5 ((   Orc:2 (   Orc:4 *

Annotations:
D:14 Donald, Norris


Innate Abilities, Weirdness & Mutations

You are resistant to torment.
Your stone body is resilient (AC +11).
You are immune to poison.
Your large and strong wings let you fly indefinitely.
You resist negative energy.
You are resistant to electric shocks.
You can survive without breathing.
You are immune to petrification.
You are immune to rotting.
You have large cloven feet.


Message History

You see here a +0 war axe.
Drink which item? (? for menu, Esc to quit)
Okay, then.
Evoke which item? (* to show all) (? for menu, Esc to quit)
Zapping:
Z - a wand of invisibility (1)
Press: ? - help, Shift-Dir - straight line, f - you You fade into invisibility!
This wand has 0 charges left.
You are too injured to fight recklessly!
You slash the orc high priest! You freeze the orc high priest.
The orc high priest is lightly wounded.
The orc high priest hits you but does no damage.
The orc priest calls down the wrath of Beogh upon you.
Something smites you!
* * * LOW HITPOINT WARNING * * *
Drink which item? (? for menu, Esc to quit)
You feel better.
The orc high priest invokes the aid of Beogh against you.
Something smites you!
You die...

#.#..)...## #..#......##
#....[)...#####.......##
#####..[#[.....#.........#. #
###.#....###)....#....##).... ##
##...#.....#..)........#...... .#
#...o{....###........####.....
#####{##.....###........###......
..##{{{#.o...##...)....)......)#.
.){{..##.#.).{#o@...##.......<.#.
.{...o####..ooo....###........###
......# ##.......## #........# #
..{o.## ###...^## ##.......##
..o...# #.#..# #.........#
...#.## #.#### ###.........##
#(..## ##.# #............# )o.###
### # #............# .3)..#.##
.#.....##......


You could see an orc high priest, an orc warrior and 2 orc priests.

Vanquished Creatures
  Gastronok (Lair:3)
  Maud (D:12)
  The ghost of Herrn the Cleaver, a journeyman NaFi of Okawaru (D:12)
  Snorg (Orc:4)
  Josephine (D:12)
  5 hydras
  An ice dragon (Lair:8)
  3 centaur warriors
  3 death yaks (Lair:5)
  A soul eater (D:13)
  An orc high priest (Orc:4)
  2 deep elf knights
  2 unseen horrors (D:11)
  5 hill giants
  A lindwurm (Lair:8)
  5 orc knights (Orc:4)
  An orc sorcerer (Orc:4)
  2 cyclopes
  3 griffons
  A wolf spider (Lair:1)
  2 ugly things (D:13)
  19 elephants
  5 black mambas
  A centaur zombie (D:13)
  A siren (Lair:5)
  Maurice (Orc:1)
  7 torpor snails
  2 molten gargoyles (Volcano)
  2 gargoyles
  2 fire drakes
  8 spiny frogs
  6 komodo dragons
  5 deep elf priests
  2 trolls
  A two-headed ogre (D:13)
  3 giant leeches (Lair:8)
  A polar bear (Lair:8)
  8 blink frogs
  2 boulder beetles (Lair:8)
  2 shadows (D:13)
  43 yaks
  6 deep elf magi
  2 wyverns
  3 humans
  A fire bat (Volcano)
  10 hippogriffs
  6 deep elf fighters
  2 hungry ghosts
  4 basilisks
  4 wraiths
  15 wolves
  3 soldier ants
  24 orc warriors
  12 porcupines
  2 black bears
  10 ogres
  An eye of draining (D:9)
  4 sky beasts
  8 wasps
  13 water moccasins
  A sky beast (shapeshifter) (D:13)
  3 phantoms
  5 ice beasts
  6 centaurs
  4 brain worms (Lair:8)
  8 crocodiles
  A big kobold (D:8)
  8 killer bees
  15 giant frogs
  4 scorpions
  A water moccasin skeleton (D:6)
  3 wights (D:13)
  8 crimson imps
  5 hounds
  2 electric eels
  5 jellies
  7 worker ants
  28 orc priests
  3 giant frog zombies
  22 orc wizards
  2 centaur skeletons
  2 giant frog skeletons (D:12)
  14 iguanas
  A quasit (D:13)
  A killer bee zombie (D:6)
  17 sheep
  A hound zombie (D:9)
  7 gnolls
  16 adders
  19 river rats
  7 shadow imps
  2 white imps
  6 oozes
  An adder zombie (D:7)
  19 worms
  4 adder skeletons
  11 giant geckos
  167 orcs
  A ball python (D:3)
  9 giant cockroaches
  3 goblins
  6 hobgoblins
  14 jackals
  13 kobolds
  5 bats
  A giant cockroach zombie (D:7)
  A giant gecko skeleton (D:4)
  4 giant newts
  A jackal zombie (D:6)
  5 quokkas
  A quokka skeleton (D:5)
  8 rats
  A fungus (Lair:8)
  A plant (Lair:8)
804 creatures vanquished.

Vanquished Creatures (collateral kills)
  Rupert (D:12)
  An ogre (D:12)
  A killer bee (D:12)
3 creatures vanquished.

Vanquished Creatures (others)
  A sky beast (D:13)
  An orc wizard (D:5)
  13 fungi
  12 plants
27 creatures vanquished.

Grand Total: 834 creatures vanquished

Notes
Turn   | Place    | Note
--------------------------------------------------------------
     0 | D:1      | Glider the Gargoyle Fighter began the quest for the Orb.
     0 | D:1      | Reached XP level 1. HP: 14/14 MP: 1/1
   326 | D:1      | Reached XP level 2. HP: 20/20 MP: 2/2
   359 | D:1      | Reached skill level 4 in Fighting
   917 | D:2      | Reached XP level 3. HP: 24/24 MP: 3/3
  1338 | D:2      | Reached XP level 4. HP: 24/29 MP: 4/4
  1949 | D:3      | Reached XP level 5. HP: 33/33 MP: 5/5
  2153 | D:4      | Reached skill level 5 in Maces & Flails
  2174 | D:4      | Found a blossoming altar of Fedhas.
  2209 | D:4      | Noticed a phantom
  2220 | D:5      | Entered Level 5 of the Dungeon
  2220 | D:5      | Noticed a sky beast
  2475 | D:4      | Reached XP level 6. HP: 26/38 MP: 6/6
  2789 | D:4      | Reached skill level 6 in Maces & Flails
  3014 | D:4      | Found a staircase to the Ecumenical Temple.
  3021 | Temple   | Entered the Ecumenical Temple
  3278 | D:4      | Killed a phantom
  3457 | D:4      | Found a glowing golden altar of the Shining One.
  3550 | D:4      | Noticed an ice beast
  3559 | D:4      | Killed an ice beast
  3559 | D:4      | Reached skill level 7 in Maces & Flails
  3559 | D:4      | Reached XP level 7. HP: 36/43 MP: 7/7
  3751 | D:5      | Found Fan Piod's Weapon Emporium.
  4031 | D:5      | Found Xuits's Weapon Shop.
  4062 | D:5      | Noticed an ogre
  4069 | D:5      | Killed an ogre
  4128 | D:5      | Found a deep blue altar of Sif Muna.
  4222 | D:5      | Reached skill level 8 in Maces & Flails
  4450 | D:5      | Found a snail-covered altar of Cheibriados.
  4653 | D:5      | Killed a sky beast
  4852 | D:6      | Reached XP level 8. HP: 48/48 MP: 8/8
  4916 | D:6      | You fall through a shaft for 2 floors!
  5008 | D:6      | Reached skill level 9 in Maces & Flails
  5138 | D:6      | Got a brightly glowing long sword
  5153 | D:6      | Identified the +8 long sword of Heitet {freeze, *Contam +Rage rC+ Str+2} (You found it on level 6 of the Dungeon)
  5439 | D:6      | Reached skill level 1 in Long Blades
  5480 | D:6      | Found an iron altar of Okawaru.
  5481 | D:6      | Found a white marble altar of Elyvilon.
  5483 | D:6      | Found an ancient bone altar of Kikubaaqudgha.
  5485 | D:6      | Found a shattered altar of Ashenzari.
  5485 | D:6      | Found a stormy altar of Qazlal.
  5485 | D:6      | Found a radiant altar of Vehumet.
  5488 | D:6      | Found a shadowy altar of Dithmenos.
  5489 | D:6      | Found a bloodstained altar of Trog.
  5494 | D:6      | Became a worshipper of Vehumet
  6151 | D:7      | Reached XP level 9. HP: 49/52 MP: 9/9
  6153 | D:7      | Reached skill level 5 in Long Blades
  6548 | D:8      | Reached * piety under Vehumet
  6548 | D:8      | Offered knowledge of Freeze by Vehumet.
  7231 | D:9      | Reached XP level 10. HP: 39/56 MP: 10/10
  7551 | D:9      | Found an opulent altar of Gozag.
  7668 | D:9      | Reached skill level 10 in Long Blades
  7763 | D:9      | Offered knowledge of Searing Ray by Vehumet.
  7825 | D:9      | Reached ** piety under Vehumet
  8266 | D:10     | Entered Level 10 of the Dungeon
  8318 | D:10     | Reached skill level 11 in Long Blades
  8337 | D:10     | Found a flagged portal.
  8347 | Bailey   | Entered a bailey
  8389 | Bailey   | Offered knowledge of Ignite Poison by Vehumet.
  8417 | Bailey   | Reached XP level 11. HP: 28/61 MP: 11/11
  8572 | Bailey   | Noticed a deep elf knight
  8578 | Bailey   | Killed a deep elf knight
  8578 | Bailey   | Reached skill level 5 in Shields
  8879 | D:10     | Reached *** piety under Vehumet
  9056 | D:10     | Reached skill level 12 in Long Blades
  9782 | D:11     | Found an iron altar of Okawaru.
  9929 | D:11     | Killed an unseen horror
 10098 | D:11     | Found a staircase to the Lair.
 10102 | Lair:1   | Entered Level 1 of the Lair of Beasts
 10376 | D:6      | Fell from the grace of Vehumet
 10376 | D:6      | Became a worshipper of Ashenzari the Shackled
 10881 | D:11     | Reached skill level 13 in Long Blades
 11186 | D:11     | Killed an unseen horror
 11312 | D:11     | Noticed a hill giant
 11322 | D:11     | Killed a hill giant
 11445 | D:12     | Noticed Herrn's ghost (journeyman NaFi)
 11550 | D:12     | Noticed a hill giant
 11559 | D:11     | Killed a hill giant
 11559 | D:11     | Reached skill level 14 in Long Blades
 11559 | D:11     | Reached XP level 12. HP: 31/66 MP: 12/12
 11671 | D:12     | Noticed a centaur warrior
 11808 | Lair:1   | Reached * piety under Ashenzari
 11916 | Lair:1   | Reached skill level 5 in Fighting
 12754 | Lair:2   | Identified the +0 buckler of Truth {-Cast rElec rPois Dex-3}
 12772 | Lair:2   | Reached ** piety under Ashenzari
 13189 | Lair:1   | Reached skill level 1 in Evocations
 13463 | D:5      | Identified Sif Muna's Incunabulum of the Compass
 13871 | Lair:3   | Reached skill level 5 in Armour
 13933 | Lair:3   | Noticed Gastronok
 13940 | Lair:3   | Found a glowing silver altar of Zin.
 14093 | Lair:3   | Reached *** piety under Ashenzari
 14124 | Lair:3   | Reached skill level 5 in Evocations
 14132 | Lair:3   | Reached XP level 13. HP: 54/78 MP: 15/17
 14139 | Lair:3   | Noticed a seven-headed hydra
 14187 | Lair:3   | Found a staircase to the Snake Pit.
 14469 | D:12     | Killed a centaur warrior
 14531 | D:12     | Noticed Rupert
 14531 | D:12     | Paralysed by Rupert for 4 turns
 14552 | D:12     | Killed Rupert
 14641 | D:12     | Found a staircase to the Orcish Mines.
 14676 | D:12     | Noticed Josephine
 14687 | D:12     | Killed Josephine
 14864 | D:12     | Noticed Maud
 14879 | D:12     | Killed Maud
 15034 | D:12     | Noticed a hill giant
 15040 | D:12     | Killed a hill giant
 15040 | D:12     | Reached skill level 1 in Dodging
 15121 | D:12     | Killed Herrn's ghost
 15731 | D:13     | Gained mutation: You have large cloven feet. [potion of beneficial mutation]
 15951 | D:14     | Found a gate to the Vaults.
 15951 | D:14     | Noticed Norris
 15951 | D:14     | Noticed Donald
 16135 | D:13     | Reached **** piety under Ashenzari
 16174 | D:13     | Reached skill level 5 in Dodging
 16579 | Lair:3   | Killed a 19-headed hydra
 16579 | Lair:3   | Gained mutation: Your large and strong wings let you fly indefinitely. [Gargoyle growth]
 16579 | Lair:3   | Reached XP level 14. HP: 35/84 MP: 21/21
 16739 | Lair:3   | Was forgiven by Vehumet
 16753 | Lair:3   | Killed Gastronok
 17704 | Lair:4   | Identified a scroll of acquirement
 17704 | Lair:4   | Identified the cursed +4 gold dragon armour of the Mutiny {rPois rF+ rC+ Dex+7 Slay+2} (You acquired it on level 4 of the Lair of Beasts)
 18893 | Lair:5   | Reached ***** piety under Ashenzari
 18991 | Lair:5   | Reached skill level 10 in Evocations
 19386 | Lair:5   | Found a staircase to the Shoals.
 20353 | Lair:6   | Identified the +3 flail of Freehold {freeze, *Drain rPois MP+9 Dex+2}
 20716 | Lair:7   | Found a staircase to the Slime Pits.
 20761 | Lair:7   | Found a dark tunnel.
 20770 | Volcano  | Entered a volcano
 20898 | Volcano  | Found a burning altar of Makhleb.
 21012 | Volcano  | Reached skill level 10 in Armour
 21438 | Lair:7   | Reached ****** piety under Ashenzari
 21497 | Lair:7   | Reached XP level 15. HP: 88/88 MP: 22/22
 21944 | Lair:8   | Entered Level 8 of the Lair of Beasts
 22454 | Lair:8   | Found a runed door.
 23539 | Orc:1    | Entered Level 1 of the Orcish Mines
 23979 | Orc:2    | Found Ladiliph's Weapon Shoppe.
 24093 | Orc:1    | Noticed Maurice
 24093 | Orc:1    | Paralysed by Maurice for 3 turns
 24103 | Orc:1    | Killed Maurice
 24865 | Orc:3    | Found a staircase to the Elven Halls.
 24987 | Orc:4    | Entered Level 4 of the Orcish Mines
 25089 | Orc:4    | Noticed Snorg
 25103 | Orc:4    | Killed Snorg
 25303 | Orc:4    | Found Acriupse's General Store.
 26112 | Orc:4    | HP: 3/89 [orc priest/divine providence (10)]
 26118 | Orc:4    | HP: 2/89 [orc priest/divine providence (11)]
 26119 | Orc:4    | Killed from afar by an orc high priest

Action                   |  1- 3 |  4- 6 |  7- 9 | 10-12 | 13-15 || total
-------------------------+-------+-------+-------+-------+-------++-------
Melee: Flail             |   126 |   196 |   156 |       |       ||   478
       Long sword        |       |       |   142 |   579 |  1368 ||  2089
Throw: Tomahawk          |       |       |     1 |       |     1 ||     2
 Abil: Evoke Berserk Rag |       |       |       |       |     2 ||     2
       Fly               |       |       |       |       |     2 ||     2
       Stop Flying       |       |       |       |       |     1 ||     1
Evoke: Wand              |       |       |       |     7 |     6 ||    13
       Phial of floods   |       |       |       |     1 |     3 ||     4
  Use: Scroll            |       |     4 |    10 |    24 |    15 ||    53
       Potion            |       |       |       |     3 |     5 ||     8
 Stab: Distracted        |       |       |       |       |     1 ||     1
  Eat: Chunk             |     1 |     6 |    12 |    22 |    19 ||    60
       Pizza             |       |     1 |     1 |       |     2 ||     4
       Meat ration       |       |       |       |     1 |       ||     1
       Bread ration      |       |       |       |       |     4 ||     4
       Beef jerky        |       |       |       |       |     2 ||     2
